Arrhythmia, chaotic female vampiric Convict ----------------- ---------................--------- -------..........................%.....------- ------............................................------ ----.........."..........>................................---- ---............................................................--- ---................................................................--- ---....................................................................--- |....................+.?.....................(...........................| |.......................u................................................| |.........................v..............................................| -.......................................................?............- -.....?..........................................................- -..................%%H.............?.........................- -.............e.[@H....................................- ------............H...............................------ -------................................------- ---------................--------- ----------------- Arrhythmia the Prisoner Experience level: 10 Strength: 18/01 Dexterity: 14 Constitution: 20 Intelligence: 7 Wisdom: 10 Charisma: 10 Health: 0(88) Energy: 63(63) AC: -6 Gold: 364 Moves: 12138 Your Inventory: Coins $ - 364 gold pieces Armor s - an [uncursed] +3 hard hat [dwarvish iron helm] (being worn) F - an [uncursed] +0 elven shield (being worn) G - an [uncursed] +0 elven mithril-coat (being worn) W - an [uncursed] burnt +0 cloak of protection (being worn) Wands V - an [uncursed] wand of digging [0:4] Tools a - an [uncursed +0] unicorn horn d - an [uncursed] looking glass [mirror] f - an [uncursed] bag called Holding [of holding] v - an [uncursed] credit card C - an [uncursed] stethoscope Gems x - an [uncursed] stone called Luckstone [luckstone] Iron balls c - an [uncursed] heavy iron ball (weapon in hand) Contents of the bag of holding: an [uncursed] indigo spellbook [of cone of cold] an [uncursed] stapled spellbook [of identify] an [uncursed] puce potion [of monster detection] an [uncursed] wand of create monster [0:13] Spells known in the end: Name Level Category Fail Memory Your skills at the end: Fighting Skills shield [Basic / Basic] Weapon Skills flail [Skilled / Expert] sling [Basic / Skilled] Spellcasting Skills Final Attributes: You were piously aligned. Hunger level was 374. Your alignment was 70 / 70. Monster difficulty range was 1 - 10. Level difficulty was 11. You were immune to poison. You were immune to level-drain. You were immune to sickness. You could fly. You could survive without air. You regenerated. You were lucky (3). You had extra luck. Bad luck did not time out for you. Good luck did not time out for you. You are dead. Vanquished creatures: Aphrodite a giant mimic 2 long worms a sergeant 2 small mimics a quantum mechanic a wood golem a giant turtle a large dog a freezing sphere a dwarf king a leocrotta a human mummy a python a chameleon 3 cockatrices a wolf a lynx 8 leprechauns 2 horses an ice vortex 2 vampire bats a gnome king a dwarf mummy a brown pudding an owlbear 3 Green-elves 3 lizards 4 chickatrices a housecat a jaguar a dwarf lord a white unicorn 5 dust vortices 2 ravens a plains centaur a snake 6 apes 5 human zombies 2 Woodland-elves 9 soldier ants 2 fire ants 2 snow ants 8 wood nymphs 6 water nymphs 2 mountain nymphs 3 Uruk-hai 2 rock piercers 10 enormous rats a rock mole a pony 3 fog clouds 2 yellow lights 2 shriekers 8 gnome lords 2 gnomish wizards 2 kobold mummies a gray ooze a barrow wight 2 elf zombies 2 ghouls a straw golem 3 wax golems 6 giant ants 4 little dogs a floating eye a kitten 11 dwarves 3 kobold lords a kobold shaman 4 rothes 2 rabid rats 2 centipedes a dwarf zombie a werejackal 4 muggers 3 iguanas 4 killer bees an acid blob 2 hobbits 2 large kobolds 2 hobgoblins 2 cave spiders a brown mold a yellow mold 31 gnomes 22 Keystone Kops 15 garter snakes 4 gnome zombies 7 geckos 11 jackals 4 foxes 2 kobolds 3 goblins 3 sewer rats 3 grid bugs a bat 6 lichens 5 kobold zombies 5 newts 331 creatures vanquished. Voluntary challenges: You went without food. You never hit with a wielded weapon. You read items or engraved 21 times. You put on armor 51 times. You never genocided any monsters. You never polymorphed an object. You never changed form. You used no wishes. You abstained from Elbereth's help. You never encountered a bones level. You never used any Sokoban shortcuts. Dungeon overview: The Dungeons of Doom: levels 1 to 11 Level 1 a long staircase Level 2 stairs to The Gnomish Mines Level 4 (Ninfa) a fountain Level 5 many fountains Level 6 a general store, a fountain stairs to Sokoban Level 8 stairs to Town Level 11 <- You were here The Gnomish Mines: levels 3 to 6 Level 3 stairs to The Dungeons of Doom Sokoban: Level 5 a magic chest stairs to The Dungeons of Doom Town: levels 5 to 7 Level 5 some shops, some fountains, a sink Level 6 many fountains, many trees Level 7 stairs to The Dungeons of Doom History has recorded: On T:1 you entered the Dungeons of Doom to retrieve the Amulet of Yendor! On T:199 you advanced to experience level 2. On T:264 you reached level 2 of The Dungeons of Doom. On T:645 you advanced to experience level 3. On T:750 you advanced to experience level 4. On T:842 you reached level 1 of The Gnomish Mines. On T:895 you advanced to experience level 5. On T:1047 you advanced to experience level 6. On T:1089 you reached level 2 of The Gnomish Mines. On T:1391 you advanced to experience level 7. On T:1451 you reached level 3 of The Gnomish Mines. On T:1514 you reached level 4 of The Gnomish Mines. On T:2366 you reached level 3 of The Dungeons of Doom. On T:2649 you reached level 4 of The Dungeons of Doom. On T:2781 you advanced to experience level 8. On T:2937 you reached level 5 of The Dungeons of Doom. On T:4319 you reached level 6 of The Dungeons of Doom. On T:4362 you reached level 7 of The Dungeons of Doom. On T:4399 you reached level 3 of Sokoban. On T:6334 you advanced to experience level 9. On T:7616 you reached level 8 of The Dungeons of Doom. On T:7730 you reached level 3 of Town. On T:7917 you reached level 2 of Town. On T:9098 you reached level 1 of Town. On T:10573 you advanced to experience level 10. On T:11087 you reached level 9 of The Dungeons of Doom. On T:11208 you reached level 10 of The Dungeons of Doom. On T:11986 you reached level 11 of The Dungeons of Doom. Latest messages: [HP+1=58] [HP+1=59] The stone giant hits! (2x) [HP-8=51] [HP+1=52] The yellow light explodes! You seem unaffected by it. The stone giant hits! The stone giant misses. [HP-8=44] [HP+1=45] The stone giant hits! (2x) [HP-20=25] [HP+1=26] The stone giant hits! (2x) [HP-1=25] [HP+1=26] The stone giant hits! The stone giant just misses! [HP-4=22] [HP+1=23] The stone giant hits! (2x) You die... Final status: Goodbye Arrhythmia the Convict... You died in The Dungeons of Doom on dungeon level 11 with 22030 points, and 364 pieces of gold, after 12138 moves. You were level 10 with a maximum of 88 hit points when you died.